 Dungeon Crawl Stone Soup version 0.27-a0-401-gea03ee85fd (webtiles) character file.

Game seed: 5357272522973744385

177 dickylongcocking the Chiller (level 5, 0/35 HPs)
             Began as a Demonspawn Ice Elementalist on Feb 21, 2021.
             Slain by an ogre
             ... wielding a +0 giant club
              (16 damage)
             ... on level 4 of the Dungeon.
             The game lasted 00:03:47 (4391 turns).

dickylongcocking the Chiller (DsIE)                 Turns: 4391, Time: 00:03:47

Health: 0/35       AC:  9    Str:  8    XL:     5   Next: 30%
Magic:  4/9        EV: 12    Int: 18    God:
Gold:   202        SH:  0    Dex: 13    Spells: 6/10 levels left

rFire    . . .     SeeInvis .   t - +2 hand axe (vamp)
rCold    . . .     Faith    .   (no shield)
rNeg     . . .     Spirit   .   a - +0 robe
rPois    .         Reflect  .   o - +1 hat
rElec    .         Harm     .   (no cloak)
rCorr    .         Rampage  .   (no gloves)
Will     .....                  (no boots)
Stlth    ++........             (no amulet)
HPRegen  0.11/turn              (no ring)
MPRegen  0.11/turn              (no ring)

@: sanguine armour, frozen ramparts
A: hooves 2, sanguine armour 1
a: no special abilities


You were on level 4 of the Dungeon.
You visited 1 branch of the dungeon, and saw 4 of its levels.

You collected 202 gold pieces.

Inventory:

Hand Weapons
 f - a +0 dagger
 t - a +2 vampiric hand axe (weapon)
Armour
 a - a +0 robe (worn)
 o - a +1 hat (worn)
Jewellery
 n - a +6 ring of dexterity {unknown}
Scrolls
 c - 3 scrolls of blinking {unknown}
 e - 8 scrolls of identify {unknown}
 i - a scroll of immolation {unknown}
 j - a scroll of fog {unknown}
 m - a scroll of fear {unknown}
 r - a scroll of teleportation {unknown}
Potions
 b - a potion of haste {unknown}
 d - 2 potions of lignification {unknown}
 g - 2 potions of heal wounds {unknown}
 h - 2 potions of flight {unknown}
 k - a potion of ambrosia {unknown}
 l - 2 potions of berserk rage {unknown}
 p - a potion of cancellation {unknown}
 q - 3 potions of curing {unknown}
 s - a potion of degeneration {unknown}


   Skills:
 - Level 1.7 Dodging
 - Level 1.8 Stealth
 * Level 3.1 Spellcasting
 * Level 5.5 Ice Magic


You had 6 spell levels left.
You knew the following spells:

 Your Spells              Type           Power        Failure   Level
a - Freeze                Ice            88%          1%          1
f - Frozen Ramparts       Ice            44%          4%          3

Your spell library contained the following spells:

 Spells                   Type           Power        Failure   Level
 Ozocubu's Armour         Ice            22%          4%          3
 Hailstorm                Conj/Ice       12%          45%         4
 Summon Ice Beast         Ice/Summ       12%          45%         4


Dungeon Overview and Level Annotations

Branches:
Dungeon (4/15)
 Temple: D:4-7

Altars:
Cheibriados
Makhleb
Ru
Vehumet

Annotations:
D:4 Ijyb


Innate Abilities, Weirdness & Mutations

You have hoof-like feet.
When seriously injured, your bleeding wounds create armour. (AC +6)


Message History

The hound bites you but does no damage.
Unknown command.
Unknown command.
You miss the hound. Your kick misses the hound.
The hound is moderately wounded.
The wall freezes the hound but does no damage.
The hound barely misses you.
Ijyb the Twisted Goblin comes into view.
She is wielding a +0 club and carrying a wand of iceblast (8).
The wall freezes the giant cockroach.
You kill the giant cockroach!
You hit the hound.
You feel better.
You kick the hound.
The hound is severely wounded.
The wall freezes the hound.
The hound bites you.
The wall freezes the hound.
The hound barely misses you.
The wall freezes the ogre.
Unknown command.
You hit the hound.
You feel better.
You kill the hound!
You barely miss the ogre.
The wall freezes the ogre.
The ogre closely misses you.
Your Spellcasting skill increases to level 3!
Unknown command.
You hit the ogre.
You feel better.
The ogre is moderately wounded.
The wall freezes the ogre.
The ogre hits you but does no damage.
The wall freezes Ijyb.
Unknown command.
You completely miss the ogre.
The ogre is heavily wounded.
The frozen ramparts melt away.
The ogre hits you with a +0 giant club!!
Ouch! That really hurt!
Your blood congeals into armour.
Ijyb hits you but does no damage.
Unknown command.
Casting: Frozen Ramparts (dangerous; 4% risk of failure)
Confirm with . or Enter, or press ? or * to list all spells.
Casting: Frozen Ramparts (dangerous; 4% risk of failure)
Press: ? - help, Dir - look around, f - activate The walls around you are covered in ice.
The wall freezes the ogre!
The ogre hits you with a +0 giant club!
You die...

... .. .. #.#
.. ..# .##..
.... #.. #g#
#@# #O#
#..........
O.....##.....
#....... ....
#......# !..
#......# ..
#...$..# .
#......#


You could see an ogre and Ijyb.

Vanquished Creatures
  A hound (D:4)
  A worker ant (D:2)
  4 adders
  An ooze (D:2)
  2 worms
  2 dart slugs (D:2)
  A leopard gecko (D:1)
  An orc (D:3)
  A ball python (D:2)
  5 giant cockroaches
  3 goblins
  10 hobgoblins
  A jackal (D:3)
  11 kobolds
  2 quokkas (D:3)
  9 bats
  7 frilled lizards
  8 rats
70 creatures vanquished.

Notes
Turn   | Place    | Note
-------+----------+-------------------------------------------
     0 | D:1      | dickylongcocking the Demonspawn Ice Elementalist began the
                  | quest for the Orb.
     0 | D:1      | Reached XP level 1. HP: 13/13 MP: 3/3
   501 | D:1      | Reached skill level 4 in Ice Magic
   686 | D:1      | Gained mutation: You have large cloven feet. [demonic
                  | ancestry]
   686 | D:1      | Reached XP level 2. HP: 19/19 MP: 3/5
  1447 | D:2      | Reached XP level 3. HP: 24/24 MP: 0/6
  1451 | D:2      | Learned a level 3 spell: Frozen Ramparts
  2449 | D:2      | Found a burning altar of Makhleb.
  2449 | D:2      | Found a faded altar of an unknown god.
  2457 | D:2      | Found a sacrificial altar of Ru.
  2459 | D:2      | Found a radiant altar of Vehumet.
  2461 | D:2      | Found a snail-covered altar of Cheibriados.
  2556 | D:2      | Reached skill level 5 in Ice Magic
  2556 | D:2      | Gained mutation: When seriously injured, your bleeding
                  | wounds create armour. (AC +6) [demonic ancestry]
  2556 | D:2      | Reached XP level 4. HP: 21/30 MP: 3/7
  3776 | D:3      | Gained mutation: You have hoof-like feet. [demonic
                  | ancestry]
  3776 | D:3      | Reached XP level 5. HP: 34/35 MP: 7/9
  4382 | D:4      | Noticed an ogre
  4386 | D:4      | Noticed Ijyb
  4391 | D:4      | Slain by an ogre

Illustrated notes

Levels and vault maps discovered:
D:1:      dpeg_arrival_castle, layout_basic, serial_forest,
          infiniplex_forest_clump_long, infiniplex_forest_straight_5,
          infiniplex_forest_clump_diagonal, infiniplex_forest_lined_2,
          infiniplex_forest_end_3, infiniplex_forest_lined_room_2,
          infiniplex_forest_clump_diagonal, infiniplex_forest_clump_diagonal,
          minmay_misc_feat_diagonals, grunt_decor_arrowhead
D:2:      layout_loops_ring, chequers_temple_overflow_minitemple
D:3:      layout_basic, minmay_box_of_dots
D:4:      kennysheep_spiral_hall, layout_basic, led_sif_pool,
          kennysheep_mini_moat, uniq_ijyb

Skill      XL: |  1  2  3  4  5 |
---------------+----------------+-----
Ice Magic      | 4 5 |  5.5
Spellcasting   | 3 |  3.1
Dodging        | |  1.7
Stealth        | |  1.8

Action                   |  1- 3 |  4- 6 || total
-------------------------+-------+-------++-------
Melee: Unarmed           |    11 |       ||    11
       Dagger            |    22 |    28 ||    50
       Kick              |     4 |     8 ||    12
       Hand axe          |       |    15 ||    15
 Cast: Freeze            |    32 |    19 ||    51
       Frozen Ramparts   |    14 |    10 ||    24
Armor: Robe              |    19 |    18 ||    37
Dodge: Dodged            |    43 |    32 ||    75

Table legend: (Time is in decaauts)
 A = Elapsed time spent in this place.
 B = Non-inter-level travel time spent in this place.
 C = Inter-level travel time spent in this place.
 D = Time resting spent in this place.
 E = Time spent auto-exploring this place.
 F = Levels seen in this place.
 G = Mean time per level.
                   A        B        C        D        E       F      G
               +--------+--------+--------+--------+--------+-----+--------+
         Total |   4399 |   4317 |     82 |    466 |   3383 |   4 | 1099.8 |
       Dungeon |   4399 |   4317 |     82 |    466 |   3383 |   4 | 1099.8 |
               +--------+--------+--------+--------+--------+-----+--------+

Top non-repeatable levels by time:
     D:2: 1852 daAuts
     D:1: 1354 daAuts
     D:3: 1180 daAuts
     D:4: 10 daAuts
